[Event "Early-Titled-Tuesday-Blitz-October-10-2023"]
[Site "Chess.com"]
[Date "2023.10.10"]
[Round "9"]
[White "Happy1712Drummer"]
[Black "Ishowmoves57"]
[Result "1-0"]
[WhiteElo "2360"]
[BlackElo "2172"]
[TimeControl "180+1"]
[EndTime "9:45:08 PDT"]
[Termination "Happy1712Drummer won by checkmate"]

1. e4 c5 2. Nf3 Nc6 3. c3 d5 4.
exd5 Qxd5 5. d4 cxd4 6. cxd4 e6 7. Be2 Nf6 8. O-O Be7 9. Nc3 Qd8 10. Be3 O-O 11. Ne5 Nxe5 12. dxe5 Nd7 13. Bf4 Nb6 14. Qb3 Bd7 15. Bf3 Bc6 16. Bxc6 bxc6 17. Rfd1 Nd5 18.
Bg3 Qb6 19. Qc2 Rab8 20. Rab1 Rfd8 21. a3 Qb3 22. Qxb3 Rxb3 23. Ne4 Rdb8 24. Rbc1 c5 25. Nxc5 Bxc5 26. Rxc5 Rxb2 27. h4 h5 28. Rdc1 R2b3 29.
a4 R3b4 30. Ra5 Rb1 31. Rxb1 Rxb1+ 32. Kh2 Rb7 33. f3 Nc3 34. Bf2 Rb4 35. Be1 Rxa4 36. Bxc3 Rxh4+ 37. Kg3 Rc4 38. Bd2 h4+ 39. Kf2 Rc2 40. Ke3 g5 41. Rxa7 Rc4 42. Kd3 Rc5 43. Bxg5 Rxe5 44. Bxh4 Rh5 45. g3 Rd5+ 46. Ke4 Rb5 47.
Ra8+ Kg7 48. Rc8 Kg6 49. Rc4 f5+ 50. Kf4 e5+ 51. Ke3 Rb3+ 52. Ke2 Rb2+ 53. Kd3 Rb3+ 54. Rc3 e4+ 55. fxe4 fxe4+ 56. Kc2 Rb4 57. Rc5 Rd4 58. Kc3 Rd3+ 59. Kc4 Rf3 60. Re5 e3 61. Kd3 e2+ 62.
Kxe2 Rf5 63. Rxf5 Kxf5 64. Kf3 Kg6 65. g4 Kh6 66. Kf4 Kg6 67. Bd8 Kh6 68. g5+ Kg6 69.
Kg4 Kh7 70. Kf5 Kh8 71. g6 Kg7 72. Ba5 Kg8 73. Be1 Kg7 74. Bf2 Kg8 75. Kf6 Kf8 76.
Bg1 Kg8 77. g7 Kh7 78. Kf7 Kh6 79. g8=Q Kh5 80. Qg3 Kh6 81. Qg6# 1-0

[Event "Early-Titled-Tuesday-Blitz-October-10-2023"]
[Site "Chess.com"]
[Date "2023.10.10"]
[Round "9"]
[White "carokannlover213"]
[Black "THE_PLAYER6"]
[Result "0-1"]
[WhiteElo "2712"]
[BlackElo "2572"]
[TimeControl "180+1"]
[EndTime "9:45:09 PDT"]
[Termination "THE_PLAYER6 won on time"]

1. Nf3 d5 2. b3 Nf6 3. Bb2 c5 4. e3 g6 5. c4 Bg7 6. cxd5 Qxd5 7. Nc3 Qd8 8. Bb5+ Bd7 9. Bxd7+ Nbxd7 10. O-O O-O 11.
Qe2 Ne4 12. Rab1 Nxc3 13. dxc3 Qc7 14. Rfd1 Rfd8 15. Qc2 Ne5 16. Ne1 Ng4 17. Nf3 Rxd1+ 18. Rxd1 Rd8 19. h3 Ne5 20. Nxe5 Rxd1+ 21. Qxd1 Bxe5 22.
f4 Bf6 23. Qd5 Qd6 24. Qxd6 exd6 25. e4 b5 26. Kf2 Kf8 27. Ke3 Ke7 28. Kd3 a5 29.
Bc1 h5 30. Be3 Ke6 31. g4 hxg4 32. hxg4 Bg7 33. Bd2 f5 34. exf5+ gxf5 35. g5 d5 36. c4 dxc4+ 37. bxc4 b4 38. Be3 Kd6 39. Bc1 a4 40. Kc2 Bd4 41. Bd2 Ke6 42. Bc1 Kf7 43. Bd2 Kg6 44.
Bc1 Kh5 45. Bb2 Be3 46. Be5 Bf2 47. Kb1 Kg6 48. Kc2 Be3 49. Kb1 Kf7 50. Kc2 Ke6 51. Kb1 Ke7 52. Kc2 Kf7 53. Kd3 Bd4 54. Bd6 Ke6 55.
Kc2 Kxd6 56. g6 Ke6 57. Kb1 Kf6 58. Kc2 Kxg6 59. Kb1 Be3 60. Kc2 Bxf4 61. Kb2 Be5+ 62. Kb1 Bc3 63. Kc2 f4 64. Kb1 b3 65. axb3 axb3 66.
Kc1 f3 67. Kd1 Kf5 68. Kc1 Ke4 69. Kd1 Kd3 0-1

[Event "Early-Titled-Tuesday-Blitz-October-10-2023"]
[Site "Chess.com"]
[Date "2023.10.10"]
[Round "9"]
[White "ama18"]
[Black "WelshTiger"]
[Result "0-1"]
[WhiteElo "2527"]
[BlackElo "2435"]
[TimeControl "180+1"]
[EndTime "9:45:10 PDT"]
[Termination "WelshTiger won on time"]

1. e4 c5 2. Nc3 e6 3. d4 cxd4 4. Qxd4 Nc6 5. Qe3 Qa5 6. Bd2 Qc5 7. Nf3 Qxe3+ 8. Bxe3 Nf6 9. h3 Bb4 10. e5 Nd5 11.
Bd2 Nxc3 12. bxc3 Ba5 13. Bb5 Bc7 14. Bxc6 dxc6 15. Be3 b6 16. a4 c5 17. a5 Bb7 18.
O-O h6 19. axb6 axb6 20. Rxa8+ Bxa8 21. Ra1 Bxf3 22. gxf3 Kd7 23. f4 Kc6 24. Ra7 Rd8 25.
Kg2 Rd1 26. Ra8 Rd8 27. Ra7 Rd7 28. c4 Bb8 29. Ra8 Kb7 30. Ra1 g6 31. Kf3 h5 32.
Kg3 Bc7 33. Kh4 Bd8+ 34. Kg3 Be7 35. Kf3 Rd8 36. Ke2 Ra8 37. Rd1 Kc6 38. Rb1 Ra2 39.
Kd3 Ra3+ 40. Kd2 Ra4 41. Kd3 Bh4 42. Rb3 Ra1 43. Ke2 Rh1 44. Bd2 Rh2 45. Rf3 Be7 46. Kf1 Rh1+ 47. Ke2 Ra1 48. Be1 Ra2 49. Kd1 Ra4 50. Ke2 Rxc4 51. Kd1 Re4 52. Bd2 b5 53. Ra3 Rd4 54. Ra6+ Kb7 55. Ra5 b4 56. Rb5+ Kc6 57. Ra5 Rd8 58. Ke2 Kb6 59. Ra1 c4 60. Be3+ Kc6 61.
Ra6+ Kd5 62. Ra7 Bc5 63. Bxc5 Kxc5 64. Rc7+ Kd4 65. Rxf7 Kc3 66. Rc7 Rd2+ 67. Ke3 Rxc2 68. Rc6 b3 69. Rxe6 b2 70. Rb6 Rc1 71. Ke2 b1=Q 72. Rxb1 Rxb1 73. Ke3 Re1+ 74. Kf3 Kd4 0-1

[Event "Early-Titled-Tuesday-Blitz-October-10-2023"]
[Site "Chess.com"]
[Date "2023.10.10"]
[Round "9"]
[White "Sadykov_Ramil"]
[Black "boasovietica"]
[Result "1-0"]
[WhiteElo "2625"]
[BlackElo "2512"]
[TimeControl "180+1"]
[EndTime "9:45:20 PDT"]
[Termination "Sadykov_Ramil won on time"]

1. Nf3 d6 2. d4 Nf6 3. g3 g6 4. Bg2 Bg7 5. O-O O-O 6. b3 c5 7.
Bb2 cxd4 8. Nxd4 a6 9. c4 Qc7 10. Nc3 Nc6 11. Rc1 Nxd4 12. Qxd4 Be6 13. Rfd1 Rfc8 14.
Qd2 Rab8 15. a4 Qb6 16. Qc2 Qb4 17. Nb1 b5 18. Bc3 Qc5 19. cxb5 axb5 20. b4 Qa7 21. a5 Ng4 22. e3 Ne5 23. Qe2 Bc4 24. Qd2 Nd3 25. Rc2 Bb3 26. Qxd3 Bxc2 27. Qxc2 Bxc3 28. Nxc3 Qc7 29. Rd3 Qc4 30. a6 Rc7 31. Bd5 Qxb4 32. Qa2 Ra7 33. Bxf7+ Kg7 34. Nd5 Qc4 35. Nf4 Qxa2 36.
Bxa2 e5 37. Ne6+ Kf6 38. Rxd6 Ke7 39. Rc6 Rba8 40. Nc7 Rc8 41. Nd5+ Kd8 42. Rd6+ Ke8 43.
Re6+ Kf8 44. Nb4 Rc1+ 45. Kg2 Ra1 46. Rxe5 Rxa6 47. Nxa6 Rxa2 48. Nc7 b4 49. Rb5 Rb2 50. Ne6+ Ke7 51. Nd4 Rb1 52. h4 h6 53. Kf3 Kd6 54. Ke4 Rb2 55. f4 Rg2 56. Rb6+ Ke7 57. Rxb4 Rxg3 58. Rb7+ Kf6 59. Rb6+ Kf7 60. Nf3 Rg2 61.
Ne5+ Kg7 62. Kd5 g5 63. hxg5 hxg5 64. f5 Rf2 65. f6+ Rxf6 66. Rxf6 Kxf6 67. Ke4 Ke6 68.
Ng4 1-0

[Event "Early-Titled-Tuesday-Blitz-October-10-2023"]
[Site "Chess.com"]
[Date "2023.10.10"]
[Round "9"]
[White "HeinichessPY"]
[Black "kingapolak"]
[Result "0-1"]
[WhiteElo "2202"]
[BlackElo "2057"]
[TimeControl "180+1"]
[EndTime "9:45:21 PDT"]
[Termination "kingapolak won on time"]

1. Nf3 Nf6 2. g3 g6 3. Bg2 Bg7 4.
O-O d6 5. c3 e5 6. d3 O-O 7.
Qa4 c6 8. Qh4 Nbd7 9. Bh6 Re8 10. Ng5 Nf8 11. Nd2 Bxh6 12. Qxh6 Ng4 13. Qh4 h6 14. Ngf3 g5 15. Qh5 Nh7 16. Ne4 d5 17. Ned2 Nhf6 18. Qh3 Kg7 19. Nh4 Ne3 20. fxe3 Bxh3 21.
Nf5+ Bxf5 22. Rxf5 Ng4 23. Raf1 Re7 24. R5f3 h5 25.
h3 Nh6 26. e4 Qd7 27. Kh2 g4 28. R3f2 gxh3 29. Bxh3 Ng4+ 30. Bxg4 hxg4 31. Kg2 Rh8 32.
Rf5 Rh6 33. R1f2 Qe6 34. Nf1 dxe4 35. dxe4 Qxa2 36. Ne3 Rg6 37. Rh5 Re8 38. Nf5+ Kf8 39. Rh8+ Rg8 40. Rh7 Qb3 41. Nd6 Re7 42. Rhxf7+ Rxf7 43. Rxf7+ Qxf7 44. Nxf7 Kxf7 45. Kf2 Ke6 46. Ke3 Kf6 47.
Kf2 Ke6 48. Ke3 Kd6 49. b4 c5 50. Kd3 b6 51. b5 Kc7 52. Kc4 Rd8 53. e3 Kb7 54.
Kb3 a6 55. Kc4 a5 56. Kb3 Ra8 57. Kc4 a4 58. Kd5 a3 59. Kxe5 a2 60. Kf4 a1=Q 61. e5 Qxc3 62. Kxg4 Re8 63. e6 Qe5 64.
Kf3 Qxe6 65. Kg2 Qxe3 0-1

[Event "Early-Titled-Tuesday-Blitz-October-10-2023"]
[Site "Chess.com"]
[Date "2023.10.10"]
[Round "9"]
[White "fu24"]
[Black "sokidze"]
[Result "1-0"]
[WhiteElo "2638"]
[BlackElo "2781"]
[TimeControl "180+1"]
[EndTime "9:45:22 PDT"]
[Termination "fu24 won on time"]

1. d4 d5 2. Bf4 Nf6 3. e3 c5 4. c3 Nc6 5. Nd2 cxd4 6. exd4 a6 7. Ngf3 Bf5 8. Nh4 Bg4 9. Qb3 Na5 10. Qc2 e6 11. h3 Bh5 12. g4 Nd7 13. Bg3 Be7 14. Ndf3 Bg6 15. Nxg6 hxg6 16. Be2 Nf6 17. Ng5 Bd6 18.
Bxd6 Qxd6 19. Qd2 b5 20. h4 Nc4 21. Bxc4 bxc4 22. f3 Qg3+ 23. Qf2 Qxf2+ 24. Kxf2 Ke7 25.
Kg3 Rab8 26. Rab1 Ne8 27. b4 Nd6 28. a4 f6 29. Nh3 Kf7 30. Rbe1 Rbe8 31. Nf4 Nc8 32.
Re3 Nb6 33. a5 Na8 34. b5 g5 35. Ng2 gxh4+ 36. Rxh4 Rxh4 37. Nxh4 axb5 38. f4 Nc7 39. Re1 Rb8 40. Rb1 Na6 41. Nf3 b4 42. cxb4 Rxb4 43. Rxb4 Nxb4 44. Kf2 Ke7 45. Ke2 Kd6 46. f5 e5 47. Kd2 e4 48. Ng1 Nc6 49. a6 Kc7 50. Ne2 Kb6 51. Kc3 Kxa6 52. Nf4 Ne7 53. Nh5 e3 54. Nxg7 Kb5 55. Nh5 Nc6 56. Nxf6 e2 57.
Kd2 Nxd4 58. Nxd5 Kc5 59. Nc3 Nf3+ 60. Kxe2 Ne5 61. g5 Kd4 62. Nd1 Ke4 63. g6 Nd7 64.
Ne3 c3 65. g7 Nf6 66. Ng4 Ng8 67. f6 c2 68. Kd2 1-0

[Event "Early-Titled-Tuesday-Blitz-October-10-2023"]
[Site "Chess.com"]
[Date "2023.10.10"]
[Round "9"]
[White "JuniorJumper"]
[Black "MdChess1734"]
[Result "0-1"]
[WhiteElo "2571"]
[BlackElo "2392"]
[TimeControl "180+1"]
[EndTime "9:45:28 PDT"]
[Termination "MdChess1734 won by checkmate"]

1. d4 Nf6 2. c4 e6 3. Nc3 Bb4 4. Bd2 b6 5. e3 Bb7 6. Nf3 O-O 7.
Bd3 Bxc3 8. Bxc3 Ne4 9. Bxe4 Bxe4 10. d5 f6 11. Qd4 Bg6 12. dxe6 dxe6 13. O-O-O Qe7 14.
h4 Nc6 15. Qd7 Qc5 16. Qxe6+ Bf7 17. Qe4 Rfe8 18. Qc2 Bxc4 19. Bd4 Qb5 20. b3 Bf7 21. Qd3 Qa5 22. Kb1 Rad8 23. Qc3 Nb4 24. Rd2 c5 25. a3 Qxa3 26. Qb2 Qxb3 27. Qxb3 Bxb3 28. Bc3 Nd3 29. Ne1 Nxe1 30. Rxe1 Rxd2 31. Bxd2 Rd8 32.
Kc1 Bc4 33. e4 b5 34. e5 fxe5 35. Rxe5 Bd5 36. Re7 c4 37. Rxa7 Rc8 38. Bc3 Kf8 39. Bxg7+ Ke8 40. Bc3 Bf7 41. Bb4 Bd5 42. Re7+ Kd8 43.
Rxh7 Bxg2 44. Kd2 Be4 45. Rg7 Bd3 46. Kc3 Rb8 47. Rg8+ Kc7 48. Bd6+ Kxd6 49. Rxb8 Kc5 50. Rc8+ Kb6 51. Kb4 Bf5 52. h5 Bxc8 53. h6 Bf5 54. f4 Bh7 55. Kc3 Kc5 56. Kd2 b4 57.
Ke3 b3 58. f5 Bxf5 59. Kf4 Bh7 60. Kg5 b2 61. Kf6 b1=Q 62. Ke7 Qg6 63. Kf8 Qf6+ 64. Ke8 Bg6+ 65. Kd7 Bf5+ 66. Kc7 Qd6+ 67. Kb7 Qc6+ 68.
Kb8 Qc8+ 69. Ka7 Kc6 70. h7 Qb7# 0-1

[Event "Early-Titled-Tuesday-Blitz-October-10-2023"]
[Site "Chess.com"]
[Date "2023.10.10"]
[Round "9"]
[White "AlexPapasimakopoulos"]
[Black "alexrustemov"]
[Result "0-1"]
[WhiteElo "2716"]
[BlackElo "2876"]
[TimeControl "180+1"]
[EndTime "9:45:39 PDT"]
[Termination "alexrustemov won by resignation"]

1. d4 d5 2. c4 c6 3. cxd5 cxd5 4. Bf4 Nf6 5. Nc3 Nc6 6. e3 a6 7. Bd3 Bg4 8. Nge2 e6 9. O-O Bd6 10. f3 Bh5 11. Rc1 O-O 12. Na4 Bg6 13. Nc5 Bxc5 14.
Rxc5 Qb6 15. Bxg6 hxg6 16. Qd2 Nd7 17. Rc3 Rfc8 18. Rfc1 a5 19. Rb3 Qa6 20. Rbc3 a4 21. Bg3 Nb6 22. b3 axb3 23. axb3 Qb5 24. h3 Ra3 25. Rb1 Rca8 26. Rc5 Qa6 27. Nf4 Ra2 28. Rc2 Rxc2 29. Qxc2 Qa2 30. Qd1 Nd7 31. Nd3 Qa6 32.
Be1 Qb5 33. Bc3 Ra2 34. Rb2 Rxb2 35. Nxb2 g5 36. Kf2 f6 37. Qc2 Ne7 38. Bd2 Qc6 39. Qb1 Nf5 40. Nd3 Kf7 41. Qc1 Qxc1 42. Bxc1 Ne7 43.
Ba3 Nc6 44. Ke2 Na5 45. Nc1 e5 46. Bb2 Ke6 47. dxe5 Nxe5 48. Bc3 Nac6 49. Nd3 Nd7 50. Kd2 g6 51. Ne1 Nc5 52. Kc2 f5 53. Nd3 Nxd3 54.
Kxd3 f4 55. Bd2 Kf5 56. Bc1 Na5 57. Kc3 Nc6 58. Kd3 Na5 59. Kc2 Nc6 60. Bd2 Ne5 61. Kc3 Nc6 62. Kd3 Ke5 63. h4 fxe3 64. Bxe3 gxh4 65.
Bg5 h3 66. gxh3 Kf5 67. Be3 Ke5 68. Bd2 d4 69. f4+ Kf5 70. Kc4 Ke4 71. h4 d3 72.
Bc1 Nd4 73. Kc3 Nf5 74. Bd2 Nxh4 75. Kc4 Nf3 76. Bc3 d2 77. Bxd2 Nxd2+ 78. Kc5 Nxb3+ 79. Kb6 Kxf4 0-1

[Event "Early-Titled-Tuesday-Blitz-October-10-2023"]
[Site "Chess.com"]
[Date "2023.10.10"]
[Round "9"]
[White "SanchezKelvin"]
[Black "fastestmindalive"]
[Result "1-0"]
[WhiteElo "2600"]
[BlackElo "2722"]
[TimeControl "180+1"]
[EndTime "9:45:39 PDT"]
[Termination "SanchezKelvin won on time"]

1. e4 c5 2. Nf3 d6 3. d4 cxd4 4.
Nxd4 Nf6 5. Nc3 Nc6 6. Bg5 e6 7. Bb5 Bd7 8. Qd3 Qb6 9. Bxf6 gxf6 10. O-O-O Qxd4 11. Bxc6 Qxd3 12. Bxd7+ Kxd7 13. Rxd3 h5 14. h4 a6 15. Rhd1 Kc6 16. Ne2 Bh6+ 17. Kb1 Rhd8 18.
Ng3 Bf8 19. Nxh5 Be7 20. Nf4 Rg8 21. g3 b5 22. Ne2 b4 23. Nd4+ Kd7 24. c3 a5 25. Nb5 Ra6 26. cxb4 axb4 27. Rc1 Rb8 28. Nd4 Rba8 29. a3 bxa3 30. bxa3 Rxa3 31. Rxa3 Rxa3 32. Kb2 Ra4 33. Kc3 e5 34. Nf5 Rxe4 35. h5 Ke6 36. Ng7+ Kd5 37. Kd3 Rd4+ 38. Ke3 f5 39. Rc7 Bg5+ 40.
Ke2 Rd2+ 41. Ke1 Ra2 42. Nxf5 Ke4 43. Nxd6+ Kf3 44. Rxf7+ Kg2 45. Ne4 Bh6 46. Rf6 Bg7 47.
Rg6 Bf8 48. h6 Bb4+ 49. Kd1 Kf3 50. h7 Kxe4 51. h8=Q Ra1+ 52. Kc2 Bc5 53. Qh4+ Kd5 54. Qd8+ Ke4 55. Rg4+ Kf3 56. Qg5 Bd4 57. Qf5+ Kg2 58.
Rxd4 exd4 59. Qe4+ Kg1 60. Qxd4 Ra2+ 61. Kb3 Ra8 62.
f4+ Kh2 63. f5 Rb8+ 64. Kc4 Rc8+ 65. Kd5 Rd8+ 66. Ke4 Rg8 67. Kf3 Rxg3+ 68. Kf2 Rg2+ 69. Kf1 Kh3 70. Qe3+ Kh2 71. Qh6+ Kg3 72. Qg6+ Kh4 73. Qxg2 Kh5 74. f6 Kh6 75. f7 Kh7 76. Qg3 Kh8 77.
Kf2 1-0

[Event "Early-Titled-Tuesday-Blitz-October-10-2023"]
[Site "Chess.com"]
[Date "2023.10.10"]
[Round "9"]
[White "BeanScreen"]
[Black "MartinMatthiesen"]
[Result "0-1"]
[WhiteElo "2707"]
[BlackElo "2513"]
[TimeControl "180+1"]
[EndTime "9:45:42 PDT"]
[Termination "MartinMatthiesen won by checkmate"]

1. e4 c6 2. d4 d5 3. exd5 cxd5 4. Bd3 Nc6 5. c3 Nf6 6. Bf4 Bg4 7. Qb3 Qd7 8. Nd2 e6 9. Ngf3 Bd6 10. Bxd6 Qxd6 11.
O-O O-O 12. Rfe1 Bh5 13. Ne5 Bg6 14. Bxg6 hxg6 15. f4 Ne7 16. Re3 b5 17. Rh3 Rab8 18. a3 a5 19. Qd1 Nd7 20. Ndf3 f6 21. Qe1 fxe5 22. fxe5 Qb6 23. Qh4 Nf5 24. Qh7+ Kf7 25. Ng5+ Ke7 26. Rf1 Rh8 27. Qxg6 Nxe5 28. Qxe6+ Qxe6 29. Nxe6 Rxh3 30. Nf4 Re3 31. Nxd5+ Kd6 32. Nxe3 Nxe3 33.
dxe5+ Kxe5 34. Rf7 g5 35. h3 Nc4 36. Ra7 a4 37.
Rg7 Kf6 38. Rd7 Nxb2 39. Rd2 Nc4 40. Rf2+ Kg6 41. Ra2 Rd8 42. Kh2 Rd2 43. Ra1 Ne3 44. Kg3 Nxg2 45. Rb1 Nh4 46. Rg1 Rd3+ 47. Kg4 Rxc3 48.
Rb1 Rc4+ 49. Kg3 Nf5+ 50. Kh2 Nd6 51. Re1 Rc2+ 52. Kg3 Nf5+ 53. Kg4 Rg2+ 54. Kf3 Nh4+ 55. Ke4 Ra2 56. Rc1 Rxa3 57. Rc6+ Kh5 58. Rc5 Rxh3 59.
Rxb5 a3 60. Ra5 Rb3 61. Ra8 Kg4 62. Ra4 Kg3 63. Kd4 g4 64. Kc4 Rf3 65. Ra8 Ng2 66.
Kb4 Nf4 67. Ra7 Kg2 68. Rg7 g3 69. Ra7 Re3 70. Rf7 Kf2 71. Rxf4+ Rf3 72. Rg4 g2 73. Kc5 g1=Q 74. Rb4 Kg3+ 75. Kb5 Rf5+ 76. Kc6 Qc1+ 77.
Kb7 Rf7+ 78. Ka6 Qc6+ 79. Ka5 Ra7# 0-1

[Event "Early-Titled-Tuesday-Blitz-October-10-2023"]
[Site "Chess.com"]
[Date "2023.10.10"]
[Round "9"]
[White "Doomfist26"]
[Black "Leonid_Starozhilov"]
[Result "0-1"]
[WhiteElo "2631"]
[BlackElo "2752"]
[TimeControl "180+1"]
[EndTime "9:45:58 PDT"]
[Termination "Leonid_Starozhilov won on time"]

1. e4 Nc6 2. Nf3 d6 3. d4 Nf6 4. Nc3 g6 5. d5 Nb8 6. Bf4 Bg7 7. Qd2 Bg4 8. Be2 Bxf3 9. Bxf3 Nbd7 10. O-O O-O 11.
Rad1 c6 12. Rfe1 Qb6 13. Be3 Qa5 14. dxc6 bxc6 15. Nd5 Qd8 16. Nxf6+ Bxf6 17. c3 Qc7 18. g3 a5 19. Bg2 a4 20. f4 Rfd8 21. Bh3 Nb6 22.
b3 axb3 23. axb3 Rdb8 24. Bg2 Bg7 25. c4 Ra3 26. Qb4 Ra2 27. c5 Nd5 28. cxd6 exd6 29.
Qc4 Nxe3 30. Rxe3 Qb6 31. Qd3 d5 32. Kh1 d4 33. Rf3 Rb2 34. e5 c5 35. f5 Rxb3 36.
Qc4 Rxf3 37. Bxf3 Bxe5 38. fxg6 hxg6 39. Bd5 Kg7 40. Rf1 f6 41. Be4 Qd6 42. Bb1 f5 43. Ba2 Qf6 44. Re1 Rc8 45. Qd5 c4 46. Bxc4 Rd8 47. Qb7+ Kh6 48. Qf3 Qd6 49. Bd3 Kg7 50. Qe2 Re8 51. Qa2 Re7 52. Qc4 Bf6 53. Rb1 Qe5 54.
Kg2 Qe3 55. Rf1 Qd2+ 56. Rf2 Qe3 57. Rf3 Qe6 58. Rf2 Qxc4 59. Bxc4 Re3 60. Rd2 Be5 61. Bd3 g5 62. Rd1 Kf6 63. Rd2 f4 64. gxf4 gxf4 65. Be2 Kg5 66. Kf2 Rc3 67. Bf3 Kf6 68. Be4 Re3 69. Bf3 d3 70. Bg2 Bc3 71. Rd1 d2 72. Bf1 Ke5 73. Be2 Kd4 74. h4 Ke4 75. h5 f3 76. Bc4 Bd4 77. Kf1 Rc3 78. Ba2 Be3 79.
Bb1+ Ke5 80. Ba2 Kf6 81. Bb1 Kg5 82. Bg6 Rc1 83. Bc2 Rxc2 84. h6 Rc1 0-1

[Event "Early-Titled-Tuesday-Blitz-October-10-2023"]
[Site "Chess.com"]
[Date "2023.10.10"]
[Round "9"]
[White "gueraumasague"]
[Black "ChessQueen"]
[Result "1/2-1/2"]
[WhiteElo "2519"]
[BlackElo "2704"]
[TimeControl "180+1"]
[EndTime "9:46:10 PDT"]
[Termination "Game drawn by repetition"]

1. e4 c6 2. Nc3 d5 3. Qf3 d4 4. Bc4 Nf6 5. Nce2 e5 6. Qb3 Qc7 7. Nf3 Bd6 8. Ng3 b5 9. Be2 Be6 10. c4 Na6 11. Ng5 Bxc4 12. Bxc4 bxc4 13. Qxc4 Nc5 14.
O-O h6 15. Nf3 O-O 16. d3 Ne6 17. Bd2 Rfc8 18. b4 Nd7 19. Rfc1 Qb7 20. Nf5 Bf8 21. a4 Rab8 22. Rab1 Nb6 23. Qa2 Nd7 24. h3 Qa6 25.
Qa3 h5 26. Ng5 Nxg5 27. Bxg5 c5 28. b5 Qe6 29. Qb3 Qxb3 30. Rxb3 f6 31. Bd2 Kf7 32. a5 g6 33. Ng3 Ke6 34. Ne2 c4 35. dxc4 Nc5 36.
Rg3 Nxe4 37. Rd3 h4 38. Be1 Nc5 39. Ra3 d3 40. Nc3 Rd8 41. Nd5 Rxd5 42. cxd5+ Kxd5 43. Rd1 e4 44. Rb1 Ne6 45. Ra4 Nd4 46. Bd2 Ne2+ 47. Kf1 Bc5 48. f3 f5 49. Ke1 e3 50. Bxe3 Bxe3 51.
Rd1 Nf4 52. Rb4 Bc5 53. Rxf4 Rxb5 54. Kf1 Ke5 55. Rxh4 Rb3 56. Rh6 Kf6 57. Rh7 Ra3 58. Rd7 Rxa5 59. R7xd3 Ra2 60. R3d2 Ra3 61. Ke2 a5 62.
Rd3 Ra2+ 63. R1d2 Ra4 64. Rd5 Bb4 65. Rb2 Ra1 66. Rb5 Re1+ 67. Kf2 Ra1 68. g3 Ra3 69. Kg2 Bc3 70. Rc2 a4 71. h4 Bd4 72. Rb4 Bc3 73.
Rc4 Be5 74. Rc6+ Kf7 75. Ra6 Bc3 76. Rxa4 Rxa4 77. Rxc3 Ra2+ 78. Kh3 Ra7 79. Rc5 Kg7 80. h5 Kf6 81. hxg6 Kxg6 82. f4 Ra1 83. Kg2 Ra2+ 84. Kh3 Ra1 85. Rc6+ Kh5 86. Rf6 Ra5 87. Kg2 Ra2+ 88.
Kf3 Ra3+ 89. Kf2 Ra2+ 90. Kf3 Ra3+ 91. Kg2 Ra2+ 92. Kh3 Ra5 93. Re6 Ra1 94. Re5 Kg6 95.
Re6+ Kh5 96. Rf6 Ra5 1/2-1/2

[Event "Early-Titled-Tuesday-Blitz-October-10-2023"]
[Site "Chess.com"]
[Date "2023.10.10"]
[Round "9"]
[White "VOneChess"]
[Black "Alenzer"]
[Result "1-0"]
[WhiteElo "2249"]
[BlackElo "2110"]
[TimeControl "180+1"]
[EndTime "9:46:24 PDT"]
[Termination "VOneChess won by resignation"]

1. e4 c5 2. Nf3 e6 3. d4 cxd4 4. Nxd4 Nf6 5. Nc3 Nc6 6. Ndb5 Bb4 7. a3 Bxc3+ 8. Nxc3 d5 9. exd5 exd5 10. Bd3 O-O 11. O-O Ne5 12. Bg5 Nxd3 13. Qxd3 Be6 14. Rad1 h6 15. Bxf6 Qxf6 16. Nxd5 Qxb2 17. Nf4 Rfe8 18.
Rfe1 Rad8 19. Qxd8 Rxd8 20. Rxd8+ Kh7 21. h4 Qb6 22.
Nxe6 fxe6 23. Re8 Qc6 24. R8xe6 Qxc2 25. Re7 Qb2 26. R1e3 Qc1+ 27. Kh2 Qc6 28. R7e6 Qc7+ 29. Kh3 Qc1 30. Re7 Qc8+ 31. Kh2 Qc4 32. g3 Qc2 33. Rf3 b5 34. Rff7 a5 35. Rxg7+ Kh8 36. Rgf7 Kg8 37.
Rc7 Qd2 38. Rg7+ Kf8 39. Rgf7+ Ke8 40. Rf4 b4 41. axb4 axb4 42. Rb7 b3 43. Rxb3 Qd6 44. Re3+ Kd8 45. Ree4 Qc5 46. Rd4+ Ke7 47. Rde4+ Kd6 48. Re3 Qc2 49. Rf8 Kd7 50. Rf7+ Kd6 51. Rf6+ Kd5 52. Ref3 Ke4 53. R3f4+ Ke5 54. Rxh6 Kd5 55. Rh5+ Ke6 56. Rg5 Kd6 57. Rgf5 Ke6 58. Rf6+ Ke5 59. R6f5+ Ke6 60. h5 Qc7 61. Rf6+ Ke5 62. h6 Qh7 63. R6f5+ Ke6 64. Rf6+ Ke5 65. Rb6 Kd5 66. Rb5+ Ke6 67. Rbf5 Ke7 68.
Rf6 Ke8 69. Rf8+ Ke7 70. R4f7+ Qxf7 71. Rxf7+ Kxf7 72. Kh3 Kg6 73. Kg4 Kxh6 74. f4 Kg6 75. f5+ Kf6 76. Kf4 Kf7 77. g4 Kg7 78. g5 Kf7 79. Ke5 Kg7 80. Ke6 Kf8 81. f6 Ke8 82. f7+ Kf8 83. g6 Kg7 84. Ke7 1-0

[Event "Early-Titled-Tuesday-Blitz-October-10-2023"]
[Site "Chess.com"]
[Date "2023.10.10"]
[Round "9"]
[White "ZeGood_ZeBad_ZeUgly"]
[Black "noblerone"]
[Result "1/2-1/2"]
[WhiteElo "2331"]
[BlackElo "2450"]
[TimeControl "180+1"]
[EndTime "9:46:35 PDT"]
[Termination "Game drawn by repetition"]

1. e4 c5 2. Nf3 e6 3. g3 Nc6 4. d3 Nf6 5. Bg2 d5 6. Nbd2 Be7 7. O-O O-O 8. Re1 b5 9. e5 Nd7 10. c4 Qb6 11. b3 a5 12. Bb2 Bb7 13. Qe2 bxc4 14.
dxc4 d4 15. h4 a4 16. Qd3 Nb4 17. Qb1 axb3 18. axb3 Rxa1 19. Bxa1 Ra8 20. Ng5 Nf8 21. Bxb7 Qxb7 22. Nge4 h6 23. Bb2 Nc6 24. Qd3 Ra2 25. Rb1 Nxe5 26. Qe2 Ned7 27. Qf3 Qc7 28. b4 Ng6 29.
bxc5 Bxc5 30. Nxc5 Qxc5 31. Qb3 Ra8 32. Ne4 Qc6 33. Qd3 Rb8 34. Bxd4 Rxb1+ 35. Qxb1 e5 36. Be3 Qxc4 37. Nd6 Qe6 38. Nf5 e4 39. Nd4 Qd5 40. Ne2 Nge5 41. Nc3 Nf3+ 42. Kg2 Qe6 43. Qxe4 Ne1+ 44.
Kf1 Qxe4 45. Nxe4 Nd3 46. Bd4 N3e5 47. Ke2 Nc4 48. f4 Ncb6 49. Kd3 Nd5 50. Kc4 Ne7 51.
Kb5 Nf5 52. Kc6 Nxd4+ 53. Kxd7 Nf5 54. Ke8 g6 55. Kd7 Kg7 56. Ke8 h5 57. Kd7 Nd4 58. Ke8 Nf5 59. Kd7 f6 60. Ke6 Nd4+ 61. Kd5 Ne2 62. Ke6 Nd4+ 63. Kd5 Nf3 64. Ke6 Nh2 65.
Nxf6 Nf1 66. Ne4 Ne3 67. Ke5 Nf5 68. Kd5 Ne3+ 69. Ke6 Nf5 70. Kd7 Ne3 71. Ke8 Nf5 72. Kd7 Ne3 73. Ke6 Nf5 74. Kd5 Ne3+ 75. Kd4 Nf5+ 76.
Kd3 Ne7 77. Ke2 Nf5 78. Kf3 Nd4+ 79. Ke3 Nf5+ 80. Kf2 Nd4 81. Nd2 Nf5 82. Nf3 Kh6 83. Ne5 Nd6 84. Kf3 Nf5 85. Nc4 Nd4+ 86. Ke4 Nf5 87.
Kf3 Nd4+ 88. Kf2 Nf5 89. Ne3 Nd4 90. Nd1 Kg7 91. Ke3 Nf5+ 92. Kf3 Nd4+ 93. Kf2 Nf5 94. Ne3 Nd4 95. Nd5 Kf7 96. Ke3 Nf5+ 97. Kf3 Nd4+ 98.
Kf2 Nf5 99. Nc3 Nd4 100. Ne4 Nf5 101. Nc3 Ke6 102. Ne2 Kf7 103. Kf3 Nh6 104. Ke4 Ng4 105. Kd5 Ne3+ 106. Ke4 Nf5 107. Ke5 Ne3 108. Ke4 Nf5 109. Ke5 Ne3 110. Ke4 1/2-1/2

[Event "Early-Titled-Tuesday-Blitz-October-10-2023"]
[Site "Chess.com"]
[Date "2023.10.10"]
[Round "10"]
[White "Tsyhanchuk_Stanislav"]
[Black "cycygogne"]
[Result "1-0"]
[WhiteElo "2462"]
[BlackElo "2277"]
[TimeControl "180+1"]
[EndTime "9:49:20 PDT"]
[Termination "Tsyhanchuk_Stanislav won by resignation"]

1. e4 d5 2. exd5 Qxd5 3. Nf3 Bg4 4. Be2 Nf6 5. Nc3 Qd6 6. O-O e6 7. h3 Bh5 8. Nb5 Qd7 9. Ne5 Bxe2 10. Nxd7 Bxd1 11.
Nxf6+ gxf6 12. Nxc7+ Kd7 13. Nxa8 Bxc2 14. d3 Nc6 15. b3 Bg7 16. Bb2 Rxa8 17. Rac1 Bxd3 18. Rfd1 Nb4 19. a3 1-0

[Event "Early-Titled-Tuesday-Blitz-October-10-2023"]
[Site "Chess.com"]
[Date "2023.10.10"]
[Round "10"]
[White "Ishowmoves57"]
[Black "Javylavilla"]
[Result "0-1"]
[WhiteElo "2168"]
[BlackElo "2365"]
[TimeControl "180+1"]
[EndTime "9:49:25 PDT"]
[Termination "Javylavilla won by resignation"]

1. e4 e6 2. d4 d5 3. Bd3 c5 4.
dxc5 Bxc5 5. exd5 exd5 6. Nf3 Nf6 7. O-O O-O 8. c3 Bg4 9. h3 Bh5 10. Nbd2 Nc6 11. Nb3 Bb6 12. Bf4 Ne4 13. Be2 Qf6 14.
Bh2 Rad8 15. Nfd2 Nxf2 16. Rxf2 Qxf2+ 17. Kh1 Bxe2 0-1

[Event "Early-Titled-Tuesday-Blitz-October-10-2023"]
[Site "Chess.com"]
[Date "2023.10.10"]
[Round "10"]
[White "RodTwinkz"]
[Black "Kielinkei"]
[Result "1-0"]
[WhiteElo "2779"]
[BlackElo "2445"]
[TimeControl "180+1"]
[EndTime "9:50:07 PDT"]
[Termination "RodTwinkz won by resignation"]

1. e4 c5 2. Nc3 e6 3. f4 d5 4. Nf3 dxe4 5. Nxe4 Nf6 6. Nf2 Bd6 7. d3 O-O 8. g3 Nc6 9. Bg2 e5 10. fxe5 Nxe5 11. O-O Qc7 12. Nxe5 Bxe5 13. Ne4 Ng4 14. c3 f5 15. Ng5 h6 16. Bd5+ Kh8 17. Qxg4 1-0

[Event "Early-Titled-Tuesday-Blitz-October-10-2023"]
[Site "Chess.com"]
[Date "2023.10.10"]
[Round "10"]
[White "Alex_Sahakyan2006"]
[Black "jcibarra"]
[Result "0-1"]
[WhiteElo "2717"]
[BlackElo "2917"]
[TimeControl "180+1"]
[EndTime "9:50:17 PDT"]
[Termination "jcibarra won by resignation"]

1. d4 Nf6 2. Nf3 e6 3. Bf4 d5 4. e3 c5 5. Nbd2 Nc6 6. c3 cxd4 7. exd4 Nh5 8. Be3 Bd6 9. Ne5 g6 10. f4 f6 11. Nxc6 bxc6 12. g3 O-O 13. Bg2 Ba6 14. Bf1 Bxf1 15. Rxf1 Rb8 16. Qc2 Qa5 17. Nb3 Qa4 18.
Kd2 Ng7 19. Nc5 Qxc2+ 20. Kxc2 Bxc5 21. dxc5 e5 22. fxe5 fxe5 23. Bh6 Rxf1 24. Rxf1 Nf5 25. Bg5 h6 26. Bf6 Ne3+ 0-1